 Dungeon Crawl Stone Soup version 0.23.2-30-g0e89c35 (webtiles) character file.

Game seed: 2535432342657809178

303 robbits the Chiller (level 6, -21/46 HPs)
             Began as a Barachi Ice Elementalist on June 10, 2019.
             Was an Initiate of Sif Muna.
             Demolished by an ogre
             ... wielding a +0 giant club
              (25 damage)
             ... on level 4 of the Dungeon.
             The game lasted 00:15:41 (4558 turns).

robbits the Chiller (Barachi Ice Elementalist)      Turns: 4558, Time: 00:15:41

Health: -21/46     AC:  2    Str:  9    XL:     6   Next: 38%
Magic:  2/10       EV: 14    Int: 18    God:    Sif Muna [......]
Gold:   208        SH:  0    Dex: 16    Spells: 1/11 levels left

rFire    x . .     SeeInvis .   (no weapon)
rCold    + . .     Gourm    .   (no shield)
rNeg     . . .     Faith    .   a - +0 robe
rPois    .         Spirit   .   (no helmet)
rElec    .         Reflect  .   (no cloak)
rCorr    .         Harm     .   (no gloves)
MR       .....                  (no boots)
Stlth    ++........             (no amulet)
HPRegen  0.15/turn              j - +4 ring of dexterity
MPRegen  0.12/turn              l - ring of ice

@: can't hop, slow
A: +LOS, swims, slowness 1, strong legs 1
a: Hop, Renounce Religion


You were on level 4 of the Dungeon.
You worshipped Sif Muna.
Sif Muna was noncommittal.
You were not hungry.

You visited 1 branch of the dungeon, and saw 4 of its levels.

You collected 208 gold pieces.

Inventory:

Armour
 a - a +0 robe (worn)
 o - a scarf of repulsion
Jewellery
 j - a +4 ring of dexterity (left hand)
 l - a ring of ice (right hand)
Scrolls
 d - a scroll of identify
 f - a scroll of enchant weapon {unknown}
 g - a scroll of immolation {unknown}
 i - a scroll of remove curse
 k - a scroll of enchant armour
 n - a scroll of magic mapping
Potions
 e - a potion of flight
 h - a potion of haste
 m - a potion of might {unknown}
 p - a potion of curing
Miscellaneous
 b - a phantom mirror
Comestibles
 c - 6 rations


   Skills:
 + Level 2.7 Fighting
 + Level 3.5 Dodging
 - Level 1.7 Stealth
 * Level 0.9 Unarmed Combat
 - Level 3.2 Spellcasting
 * Level 2.6 Conjurations
 - Level 5.5 Ice Magic


You had one spell level left.
You knew the following spells:

 Your Spells              Type           Power        Failure   Level  Hunger
a - Freeze                Ice            ####         1%          1    None
b - Throw Frost           Conj/Ice       ####..       4%          2    ##.....
c - Ozocubu's Armour      Chrm/Ice       ###.....     16%         3    ###....
d - Throw Icicle          Conj/Ice       ####....     28%         4    ####...

Your spell library contained the following spells:

 Spells                   Type           Power        Failure   Level  Hunger
 Summon Ice Beast         Ice/Summ       ###.....     45%         4    ####...


Dungeon Overview and Level Annotations

Branches:
Dungeon (4/15)
 Temple: D:4-7

Altars:
Fedhas
Okawaru
Sif Muna
Wu Jian


Innate Abilities, Weirdness & Mutations

Shadows flee at your approach. (+LOS)
You can swim through water.
You cover ground slowly.
You can hop short distances.


Message History

Press: ? - help, Shift-Dir - straight line, f/p - ogre
Aim: an ogre, wielding a +0 giant club (moderately wounded)
You feel a surge of power!
You freeze the ogre.
The ogre is heavily wounded.
The ogre hits you with a +0 giant club!
* * * LOW HITPOINT WARNING * * *
Okay, then.
Hop to where?
Press: ? - help, Dir - move target cursor, p - ogre Boing!
A worker ant comes into view.
The worker ant twitches its antennae in your direction.
Your icy armour cracks and falls away as you move.
There is a stone staircase leading down here.
Okay, then.
Okay, then.
The worker ant closely misses you.
The ogre hits you with a +0 giant club!!
Ouch! That really hurt!
You die...

######## #......#
#@# #O####
#a..$#############
##>...............
####.#.###.#.##.####
#.!.................
#.###....#.#..#.####
# #......#.#..#.# #
#.#.#.##.#..#.# #


You could see an ogre and a worker ant.

Vanquished Creatures
  A sky beast (D:2)
  An orc priest (D:3)
  A centaur skeleton (D:4)
  A worker ant (D:2)
  4 adders
  An ooze (D:2)
  An adder zombie (D:2)
  4 worms
  A leopard gecko (D:3)
  6 orcs
  2 ball pythons (D:2)
  4 bats
  4 giant cockroaches
  11 goblins
  5 hobgoblins
  3 jackals (D:3)
  7 kobolds
  2 quokkas (D:2)
  4 frilled lizards
  4 rats
67 creatures vanquished.

Notes
Turn   | Place    | Note
-------+----------+-------------------------------------------
     0 | D:1      | robbits the Barachi Ice Elementalist began the quest for
                  | the Orb.
     0 | D:1      | Reached XP level 1. HP: 13/13 MP: 3/3
   360 | D:1      | Reached XP level 2. HP: 20/20 MP: 1/5
   462 | D:1      | Reached skill level 4 in Ice Magic
  1001 | D:2      | Noticed a sky beast
  1063 | D:2      | Reached skill level 1 in Fighting
  1063 | D:2      | Reached XP level 3. HP: 20/26 MP: 3/6
  1070 | D:2      | Learned a level 2 spell: Throw Frost
  1074 | D:2      | Learned a level 3 spell: Ozocubu's Armour
  1356 | D:2      | Found a transporter.
  1356 | D:2      | Found a transporter.
  1360 | D:2      | Found a deep blue altar of Sif Muna.
  1443 | D:2      | Became a worshipper of Sif Muna the Loreminder
  1649 | D:2      | Reached XP level 4. HP: 18/33 MP: 0/8
  2460 | D:2      | Killed a sky beast
  2460 | D:2      | Reached skill level 5 in Ice Magic
  2460 | D:2      | Reached XP level 5. HP: 15/39 MP: 0/9
  3035 | D:2      | Found an iron altar of Okawaru.
  3249 | D:3      | Reached XP level 6. HP: 35/46 MP: 0/10
  3349 | D:3      | Learned a level 4 spell: Throw Icicle
  3357 | D:3      | Found an ornate altar of the Wu Jian Council.
  4010 | D:3      | Found a blossoming altar of Fedhas.
  4536 | D:4      | Noticed a +0 hand axe
  4537 | D:4      | Noticed a +0 hand axe
  4558 | D:4      | Demolished by an ogre

Skill      XL: |  1  2  3  4 |
---------------+-------------+-----
Ice Magic      | 4 5 |  5.5
Fighting       | 1 2 |  2.7
Dodging        | 3 |  3.5
Spellcasting   | 3 |  3.2
Conjurations   | 2 |  2.6
Stealth        | |  1.7
Unarmed Combat | |  0.9

Action                   |  1- 3 |  4- 6 || total
-------------------------+-------+-------++-------
Melee: Unarmed           |    90 |    96 ||   186
 Cast: Freeze            |    38 |    73 ||   111
       Ozocubu's Armour  |     4 |     8 ||    12
       Throw Frost       |     1 |    26 ||    27
 Abil: Hop               |     1 |     4 ||     5
  Use: Scroll            |     2 |     5 ||     7
       Potion            |     2 |     1 ||     3
 Stab: Sleeping          |       |     1 ||     1
  Eat: Chunk             |     3 |     9 ||    12
       Ration            |       |     1 ||     1
Armor: Robe              |    18 |    32 ||    50
Dodge: Dodged            |   107 |   123 ||   230
